 Dungeon Sprint DCSS version 0.30.1 (webtiles) character file.

Game seed: 14223836666678212747

2500000 BreadTh the Axe Maniac (level 17, -51/191 HPs)
             Began as a Ghoul Fighter on July 11, 2023.
             Was a Priest of Makhleb.
             Annihilated by a destroyer
             ... wielding a +9 heavy great sword
              (212 damage)
             ... in the Dungeon (Sprint VIII: "Arena of Blood").
             The game lasted 00:01:33 (25 turns).

BreadTh the Axe Maniac (Ghoul Fighter)                Turns: 25, Time: 00:01:33

Health: -51/191    AC: 11    Str: 22    XL:     17   Next: 21%
Magic:  16/16      EV: 19    Int:  3    God:    Makhleb [***...]
Gold:   0          SH:  0    Dex: 14    Spells: 16/16 levels left

rFire   . . .        j - +∞ Axe of Woe
rCold   + . .        (shield currently unavailable)
rNeg    + + +        b - +0 scale mail
rPois   ∞            (no helmet)
rElec   .            (no cloak)
rCorr   .            (no gloves)
SInv    .            (no boots)
Will    +....        (no amulet)
Stlth   ++++++++     (no ring)
HPRegen 0.00/turn    (no ring)
MPRegen 0.15/turn

%: no teleportation
@: inhibited regen
A: claws 1, cold resistance 1, negative energy resistance 3, inhibited
regeneration, torment resistance 2, devour on kill
a: Renounce Religion, Minor Destruction, Lesser Servant of Makhleb


You were in the Dungeon.
You worshipped Makhleb.
Makhleb was most pleased with you.
You visited 1 branch

Inventory:

Hand Weapons
 a - a +0 war axe
 j - the +∞ Axe of Woe (weapon)
   (You found it in the Dungeon)
Armour
 b - a +0 scale mail (worn)
 c - a +0 buckler
Scrolls
 i - a scroll of blinking
Potions
 d - a potion of might
 e - a potion of curing
 f - a potion of heal wounds
 g - a potion of haste
 h - 2 potions of magic


   Skills:
 O Level 27 Fighting
 O Level 27 Axes
 + Level 20.0 Armour
 + Level 19.8 Dodging
 + Level 25.0 Stealth
 - Level 2.6 Shields
 * Level 0.0 Invocations


You had 16 spell levels left.
You didn't know any spells.
Your spell library was empty.

Dungeon Overview and Level Annotations

Branches:
Dungeon (1/1)

Altars:
Makhleb


Innate Abilities, Weirdness & Mutations

You are immune to poison.
You have sharp fingernails.
Your flesh is cold resistant. (rC+)
You are immune to negative energy. (rN+++)
You do not regenerate when monsters are visible.
You are immune to unholy pain and torment.
You thrive by killing the living.


Message History

A meat berserker comes into view. It is wielding a +9 battleaxe.
You hear a shout! x4
The destroyer shouts!
You slice the meat berserker!!
You cleave the meat berserker in twain.
You kill the meat berserker!
Makhleb accepts your kill.
You slash the bag of meat!
You butcher the bag of meat messily.
You kill the bag of meat!
Makhleb accepts your kill.
You can now summon a lesser servant of Makhleb.
You slash the bag of meat!
You pulverise the bag of meat into a thin bloody mist.
You kill the bag of meat!
Makhleb accepts your kill.
You feel better.
You slice the bag of meat!!
You fatally mangle the bag of meat.
You kill the bag of meat!
Makhleb accepts your kill.
The large bag of meat appears out of thin air!
A large bag of meat comes into view. It is wielding a +9 giant spiked club.
The large bag of meat shouts in stereo!
You hear a shout! x3
You have mastered Fighting!
Your Armour skill gained 4 levels and is now at level 20!
Your Dodging skill gained 3 levels and is now at level 19!
Your Stealth skill gained 5 levels and is now at level 25!
You have reached level 17!
A bag of meat comes into view. It is wielding a +9 war axe.
The destroyer appears out of thin air!
A destroyer comes into view. It is wielding a +9 heavy great sword.
The destroyer shouts!
A meat berserker comes into view. It is wielding a +9 battleaxe.
You hear a shout! x5
The meat berserker rages.
The destroyer points at you and mumbles some strange words.
The destroyer blinks!
You hear a shout! x6
The destroyer attacks as you move away!
The destroyer hits you with a +9 heavy great sword!!!!!
Ouch! That really hurt!
You die...

...... .........
.#..................
..#....... #.......#
.....#.... #.......#
..#......###O......###.
..........o...###......
.....o#..o.oo)._......
.O..#o.)Vo..#))...#.
#.....@V)..#_)o._#
....#.O.oo..#))o)o#
......#..O.o..._......
..........o...###o.....
.o.......###.... o.###.
....O..... #.......#
.......... #..... .#
..#............. ..


You could see 2 destroyers, a large bag of meat (inner flame), 4 meat berserkers
and 12 bags of meat.

Vanquished Creatures
  4 ogres (D)
  12 orcs (D)
16 creatures vanquished.

Notes
Turn   | Place    | Note
-------+----------+-------------------------------------------
     0 | D        | Found the +∞ Axe of Woe
     0 | D        | BreadTh the Ghoul Fighter began the quest for the Orb.
     0 | D        | Reached XP level 1. HP: 19/19 MP: 0/0
     1 | D        | Noticed a bag of meat
     2 | D        | Noticed a bag of meat
     2 | D        | Noticed a bag of meat
     3 | D        | Noticed a bag of meat
     3 | D        | Noticed a bag of meat
     3 | D        | Noticed a bag of meat
     4 | D        | Noticed a bag of meat
     5 | D        | Noticed a bag of meat
     7 | D        | Killed a bag of meat
     7 | D        | Noticed a bag of meat
     8 | D        | Reached XP level 2. HP: 26/26 MP: 1/1
     8 | D        | Reached XP level 3. HP: 31/31 MP: 2/2
     8 | D        | Reached XP level 4. HP: 38/38 MP: 3/3
     8 | D        | Reached XP level 5. HP: 45/45 MP: 4/4
     8 | D        | Reached XP level 6. HP: 51/51 MP: 5/5
     8 | D        | Reached XP level 7. HP: 57/57 MP: 6/6
     8 | D        | Reached XP level 8. HP: 63/63 MP: 7/7
     8 | D        | Reached XP level 9. HP: 70/70 MP: 8/8
     8 | D        | Reached XP level 10. HP: 77/77 MP: 9/9
     8 | D        | Reached XP level 11. HP: 82/82 MP: 10/10
     8 | D        | Killed a bag of meat
     8 | D        | Noticed a meat berserker
     8 | D        | Noticed a meat berserker
     9 | D        | Reached XP level 12. HP: 89/89 MP: 11/11
    10 | D        | Noticed a bag of meat
    11 | D        | Killed a bag of meat
    11 | D        | Killed a bag of meat
    11 | D        | Killed a bag of meat
    11 | D        | Killed a bag of meat
    12 | D        | Reached skill level 27 in Axes
    12 | D        | Reached skill level 10 in Armour
    12 | D        | Reached XP level 13. HP: 91/130 MP: 12/12
    12 | D        | Reached XP level 14. HP: 97/138 MP: 13/13
    12 | D        | Became a worshipper of Makhleb the Destroyer
    12 | D        | Noticed a bag of meat
    12 | D        | Noticed a bag of meat
    13 | D        | Killed a bag of meat
    13 | D        | Noticed a bag of meat
    14 | D        | Reached skill level 10 in Dodging
    14 | D        | Killed a meat berserker
    14 | D        | Reached * piety under Makhleb
    14 | D        | Killed a bag of meat
    14 | D        | Noticed a bag of meat
    14 | D        | Noticed a bag of meat
    15 | D        | Reached XP level 15. HP: 124/160 MP: 14/14
    15 | D        | Noticed a meat berserker
    15 | D        | Killed a meat berserker
    15 | D        | Reached ** piety under Makhleb
    16 | D        | Reached skill level 15 in Armour
    16 | D        | Reached skill level 15 in Dodging
    18 | D        | Killed a meat berserker
    19 | D        | Reached XP level 16. HP: 180/180 MP: 15/15
    19 | D        | Noticed a large bag of meat
    19 | D        | Noticed a meat berserker
    19 | D        | Noticed a meat berserker
    22 | D        | Noticed a meat berserker
    22 | D        | Noticed a meat berserker
    23 | D        | Noticed a destroyer
    23 | D        | Killed a meat berserker
    23 | D        | Reached *** piety under Makhleb
    23 | D        | Noticed a large bag of meat
    24 | D        | Reached skill level 27 in Fighting
    24 | D        | Reached XP level 17. HP: 161/191 MP: 16/16
    24 | D        | Noticed a destroyer
    24 | D        | Noticed a meat berserker
    25 | D        | Annihilated by a destroyer

Illustrated notes

Levels and vault maps discovered:
D:        meatsprint

Skill      XL: |  1  2  3  4  5  6  7  8  9 10 11 12 13 14 15 16 |
---------------+-------------------------------------------------+-----
Axes           | 23 26 27 | 27.0
Fighting       | 16 21 26 27 | 27.0
Armour         | 10 13 16 20 | 20.0
Dodging        | 9 13 16 19 | 19.8
Stealth        | 12 16 20 25 | 25.0
Shields        | |  2.6

Action                     |  1- 3 |  4- 6 |  7- 9 | 10-12 | 13-15 | 16-18 || total
---------------------------+-------+-------+-------+-------+-------+-------++-------
  Melee: Executioner's axe |     1 |       |       |     2 |     4 |     1 ||     8
 Armour: Scale mail        |       |       |       |     1 |       |     1 ||     2
  Dodge: Dodged            |       |       |       |     1 |       |       ||     1
